AoeStats
← MataCochinos

Arabia

503700552Analyzed
1v1 RM · 1mo ago on Sep 1, 2026· 38m 9s· 2 players
Game mode
Random Map
Map size
Tiny (2 player)
Population
200
Speed
Normal
Resources
Standard
Victory
Conquest
Starting age
Dark Age
Ending age
Imperial Age
RankedLock teamsTeams togetherTeam positionsShared explorationLock speedFull tech treeHidden civsTurbo modeCheats
Victory
Defeat
🇲🇽 Japanese · Mexico
1789
+18
🇦🇷 Magyars · Argentina
1830
-18
MataCochinos
6:39 Loom
9:22 Feudal Age
9:25 Man-at-Arms
14:11 Fletching
22:10 Castle Age
20:47 Padded Archer Armor
22:48 Bodkin Arrow
22:15 Crossbowman
23:01 Double-Bit Axe
26:25 Bow Saw
27:47 Wheelbarrow
28:02 Town Watch
28:34 Horse Collar
30:28 Ballistics
30:26 Leather Archer Armor
36:36 Imperial Age
37:19 Bracer
36:42 Arbalester
El_Ti_Rex
6:01 Loom
9:10 Feudal Age
13:23 Double-Bit Axe
14:28 Fletching
15:45 Padded Archer Armor
21:55 Castle Age
20:28 Horse Collar
22:08 Crossbowman
23:06 Bodkin Arrow
26:49 Bloodlines
27:14 Bow Saw
28:46 Leather Archer Armor
29:02 Gold Mining
30:44 Husbandry
31:31 Wheelbarrow
32:00 Ballistics
32:46 Thumb Ring
Connection lost

Rejoining the realm…

Still unreachable

The connection could not be restored.

Session expired

The server has moved on; the page needs a fresh start.